 Dungeon Crawl Stone Soup version 0.30.1-11-g7821555f0a (webtiles) character file.

Game seed: 16762758618493039206

45 Faran the Covered (level 3, -3/23 HPs)
             Began as a Gargoyle Fighter on Nov 5, 2023.
             Killed by divine providence
             ... invoked by an orc priest
              (13 damage)
             ... on level 3 of the Dungeon.
             The game lasted 00:07:09 (1070 turns).

Faran the Covered (Gargoyle Fighter)                Turns: 1070, Time: 00:07:09

Health: -3/23      AC: 16    Str: 21    XL:     3   Next: 64%
Magic:  3/3        EV:  6    Int: 14    God:
Gold:   125        SH:  4    Dex:  9    Spells: 2/2 levels left

rFire   . . .        a - +0 war axe
rCold   . . .        c - +0 buckler
rNeg    + . .        l - +0 plate armour
rPois   ∞            g - +0 helmet
rElec   +            (no cloak)
rCorr   .            (no gloves)
SInv    .            (no boots)
Will    .....        (no amulet) Stlth
                     e - +6 ring of intelligence
HPRegen 0.23/turn    (no ring)
MPRegen 0.08/turn

%: no passive effects
@: no status effects
A: sickness immunity, AC +3, negative energy resistance 1, electricity
resistance, torment resistance 1, petrification resistance
a: no special abilities


You were on level 3 of the Dungeon.
You visited 1 branch of the dungeon, and saw 3 of its levels.

You collected 125 gold pieces.

Inventory:

Hand Weapons
 a - a +0 war axe (weapon)
Armour
 c - a +0 buckler (worn)
 g - a +0 helmet (worn)
 l - a +0 plate armour (worn)
Jewellery
 e - a +6 ring of intelligence (left hand)
Scrolls
 f - 2 scrolls of identify
 j - a scroll of blinking
Potions
 d - a potion of might
 h - a potion of brilliance
 i - a potion of cancellation
 k - 2 potions of curing


   Skills:
 + Level 3.6 Fighting
 + Level 2.3 Axes
 + Level 3.8 Armour
 + Level 0.4 Dodging
 + Level 3.6 Shields


You had 2 spell levels left.
You didn't know any spells.
Your spell library contained the following spells:

 Spells                   Type           Power      Damage    Failure   Level
 Apportation              Tloc           0%         N/A       100%        1
 Necrotise                Necr           0%         1d4       100%        1
 Summon Small Mammal      Summ           0%         N/A       100%        1


Dungeon Overview and Level Annotations

Branches:
Dungeon (3/15)

Altars:


Innate Abilities, Weirdness & Mutations

You are immune to sickness and miasma.
Your stone body is resilient. (AC +3)
You are immune to poison.
You resist negative energy. (rN+)
You are resistant to electric shocks. (rElec)
You are resistant to unholy torment.
You are immune to petrification.


Message History

You now have 125 gold pieces (gained 19).
Found a plate armour.
An endoplasm comes into view.
The endoplasm hits you but does no damage.
You hit the endoplasm.
The endoplasm is moderately wounded.
The endoplasm barely misses you.
You hit the endoplasm.
The endoplasm is severely wounded.
The endoplasm hits you but does no damage.
You slash the endoplasm!
You kill the endoplasm!
You see here a +0 plate armour.
l - a +0 plate armour You start removing your armour.
You continue taking off your +0 scale mail. x4
You finish taking off your +0 scale mail.
You start putting on your armour.
You continue putting on your +0 plate armour. x5
You finish putting on your +0 plate armour.
You drop a scroll of immolation.
You drop a +0 leather armour.
You drop a +0 scale mail.
A rat comes into view.
The rat bites you but does no damage.
You slash the rat!
You kill the rat!
An orc, an orc wizard and an orc priest come into view.
The orc is wielding a +0 flail of holy wrath.
The orc wizard is wielding a +0 dagger and wearing a +0 robe of fire resistance.
The orc shouts!
The orc wizard shouts!
The orc priest shouts!
An orc comes into view. It is wielding a +0 dagger.
The orc shouts!
An orc comes into view. It is wielding a +0 falchion.
The orc priest calls down the wrath of Beogh upon you.
Beogh smites you!
Ouch! That really hurt!
The orc priest invokes the aid of Beogh against you.
Beogh smites you!
Ouch! That really hurt!
You die...

############
#..........#########
####.##...............#
#.o.o..@..............#
#.#####.....#.######..##
#. #.....#.# #.[.... #.
###.###.####.#..## #.
#.......##.#.... #o
#.###.#....##.## oo #.#
#.#.###...# .o #.# #.#.#
.#... ..... ....#


You could see an orc priest and an orc.

Vanquished Creatures
  3 dart slugs
  3 bats (D:1)
  3 endoplasms
  2 giant cockroaches (D:1)
  6 goblins (D:1)
  2 hobgoblins (D:1)
  3 quokkas (D:1)
  5 ball pythons
  A frilled lizard (D:2)
  5 kobolds (D:1)
  4 rats
37 creatures vanquished.

Notes
Turn   | Place    | Note
-------+----------+-------------------------------------------
     0 | D:1      | Faran the Gargoyle Fighter began the quest for the Orb.
     0 | D:1      | Reached XP level 1. HP: 14/14 MP: 1/1
    69 | D:1      | Reached XP level 2. HP: 13/19 MP: 2/2
   241 | D:1      | Reached XP level 3. HP: 18/23 MP: 3/3
  1070 | D:3      | Killed from afar by an orc priest

Illustrated notes

Levels and vault maps discovered:
D:1:      ncdulo_lavacross, layout_basic, minmay_pentomino_t4
D:2:      layout_rooms
D:3:      layout_loops_ring, eat_drink_and_be_merry_uskayaw,
          mainiacjoe_overflow_alcove_2, gammafunk_ghost_necromancy

Skill      XL: |  1  2 |
---------------+-------+-----
Axes           | 2 |  2.3
Fighting       | |  3.6
Armour         | |  3.8
Dodging        | |  0.4
Shields        | |  3.6

Action                     || total
---------------------------++-------
  Melee: War axe           ||    90
    Use: Scroll            ||     6
 Armour: Scale mail        ||    72
         Plate armour      ||     1
  Dodge: Dodged            ||    63
  Block: Buckler           ||    19
